 Dungeon Crawl Stone Soup version 0.16-a0-1858-gba9b1e2 (webtiles) character file.

6749 RobertPalmer the Nimble (level 10, -18/60 (65) HPs)
             Began as a Demonspawn Transmuter on Nov 4, 2014.
             Killed from afar by Harold (36 damage)
             ... with a bolt of fire
             ... on level 10 of the Dungeon.
             The game lasted 00:30:32 (10709 turns).

RobertPalmer the Nimble (Demonspawn Transmuter)    Turns: 10709, Time: 00:30:32

HP:   -18/60 (65)   AC:  8    Str: 11    XL:     10   Next: 75%
MP:   16/16         EV: 19    Int: 16    God:
Gold: 635           SH:  0    Dex: 16    Spells: 2 memorised, 6 levels left

rFire  . . .     SeeInvis +       - Unarmed
rCold  . . .     Clarity  .     c - +0 robe
rNeg   . . .     SustAb   .     (no shield)
rPois  .         Gourm    .     u - +0 helmet {SInv}
rElec  .         Spirit   .     (no cloak)
rCorr  .         Warding  .     (no gloves)
rMut   +         Stasis   .     e - +0 pair of boots
MR     .....                    n - amulet of resist mutation
Stlth  +.........               x - +1 ring of dexterity
                                m - +3 ring of slaying

@: not resistant to hostile enchantments, very unstealthy
A: claws 1, iridescent scales 1, demonic guardian 1, powered by death 2
a: no special abilities


You were on level 10 of the Dungeon.
You were not hungry.

You visited 1 branch of the dungeon, and saw 10 of its levels.
You also visited: Ossuary.

You collected 773 gold pieces.
You spent 138 gold pieces at shops.


Innate Abilities, Weirdness & Mutations

You have sharp fingernails.
You are partially covered in iridescent scales (AC +4).
A weak demonic guardian rushes to your aid.
You can steal the life force of defeated enemies.


   Skills:
 - Level 1.0 Fighting
 - Level 10.0 Dodging
 - Level 9.1 Unarmed Combat
 - Level 2.0 Spellcasting
 + Level 7.8 Transmutations


You had 6 spell levels left.
You knew the following spells:

 Your Spells              Type           Power        Failure   Level  Hunger
s - Spider Form           Trmt/Pois      ##........   14%         3    ###....
x - Ice Form              Ice/Trmt       ##......     50%         4    #####..

Inventory:

Missiles
 b - 146 arrows
 j - 7 javelins of returning (quivered)
 y - 2 throwing nets
Armour
 c - a +0 robe (worn)
 e - a +0 pair of boots (worn)
 u - a +0 helmet of see invisible (worn)
Magical staves
 q - an uncursed staff of power {!a}
Jewellery
 l - a cursed ring of teleportation
 m - a +3 ring of slaying (left claw)
 n - an amulet of resist mutation (around neck)
 x - a +1 ring of dexterity (right claw)
Magical devices
 f - a wand of enslavement (15)
Scrolls
 i - 2 scrolls of immolation {!r}
 k - 2 scrolls of teleportation {unknown}
 o - a scroll of recharging
 p - a scroll of fog
 A - 2 scrolls of amnesia
Potions
 v - a potion of cancellation {unknown}
 w - a potion of curing {unknown}
 z - a potion of berserk rage {unknown}
 B - a potion of poison {unknown}
 C - a potion of resistance {unknown}
 D - a potion of magic {unknown}
 F - a potion of mutation {unknown}
 G - a potion of cure mutation {unknown}
 H - a potion of restore abilities {unknown}
 I - 2 potions of flight {unknown}
 J - 2 potions of might {unknown}
Books
 d - a book of Changes
 g - a book of Flames
 h - a Grand Grimoire {highlevel, unknown}
Comestibles
 a - 5 bread rations
 r - 3 meat rations
 s - 24 fruits
 t - a slice of pizza

Dungeon Overview and Level Annotations

Branches:
Dungeon (10/15)            Temple (0/1) D:6
   Lair: D:8-11         Orc: D:9-12

Altars:
Fedhas
Vehumet
Zin
The Shining One

Shops:
D:4 [   D:7 (

Annotations:
D:10 Harold

#.# #.# #.#######
#........ #........
#?........
##########5........
.######................(.
..........@.@5...........
.........#####....###....
######...# ###### ##.
#...# #####


You could see Harold and 2 friendly crimson imps.


Message History

There are no items here.
Harold throws a throwing net.
The throwing net hits you.
You become entangled in the net!
You see here a throwing net.
You try to slip out of the net.
Your crimson imp hits Harold.
You struggle against the net.
Your crimson imp hits Harold.
You tear a large gash into the net.
You shred the net and break free!
There are no items here.
Throwing (i - inventory. (,) - cycle):
j - 8 javelins of returning (quivered)
Aim: Harold, wielding a dire flail and wearing a ring mail (lightly wounded)
You throw a javelin of returning.
The javelin of returning closely misses Harold.
The javelin of returning fails to return to your pack!
Harold throws a throwing net.
The throwing net closely misses you.
Your crimson imp hits Harold.
Harold casts a spell at you. The bolt of fire hits you!
Harold points at you and mumbles some strange words.
The bolt of fire misses you.
Harold points at you and mumbles some strange words.
The bolt of fire hits you!
* * * LOW HITPOINT WARNING * * *
You see here a throwing net.
y - 2 throwing nets (gained 1)
There is a stone staircase leading up here.
Harold gestures at you while chanting. The bolt of fire hits you!
Ouch! That really hurt!
You die...

Action                   |  1- 3 |  4- 6 |  7- 9 | 10-12 || total
-------------------------+-------+-------+-------+-------++-------
Melee: Unarmed           |   109 |   148 |   477 |   118 ||   852
Throw: Javelin           |       |     7 |    16 |     2 ||    25
 Cast: Beastly Appendage |    10 |    19 |     6 |       ||    35
       Spider Form       |       |       |       |     6 ||     6
 Abil: End Transformatio |       |       |       |     1 ||     1
Evoke: Wand              |       |       |     4 |     8 ||    12
  Use: Scroll            |       |     2 |    13 |       ||    15
       Potion            |       |     1 |     3 |     1 ||     5
 Stab: Sleeping          |       |       |     5 |       ||     5
       Distracted        |       |       |     2 |     1 ||     3
  Eat: Chunk             |     2 |     7 |    16 |     5 ||    30
       Beef jerky        |       |     1 |     1 |       ||     2

Vault maps used:
D:1:      tarquinn_simple_flora_water_f, item_on_display_a
D:2:      nicolae_overflow_crystal_walls
D:3:      minmay_stone_trees_small, roderic_serpentine_path
D:4:      serial_shops, shop, cheibrodos_gnoll_hut, uniq_menkaure
D:5:      first_bread
D:6:      enter_ossuary_1, minmay_misc_feat_encased
D:7:      serial_shops, shop_statue, serial_undead, serial_undead_b,
          serial_undead_c, serial_undead_c, serial_undead_a, serial_undead_d,
          serial_undead_d, serial_undead_f, serial_undead_b
D:9:      gammafunk_temple_overflow_elements, basic_altar, blue_anna_alchemist,
          uniq_erolcha, uniq_pikel, uniq_gastronok
D:10:     minmay_four_partial_circles, minmay_lair_entry_grove, orc_0_dummy,
          uniq_harold
Ossuary:  ossuary_tomb_3

Notes
Turn   | Place    | Note
--------------------------------------------------------------
     0 | D:1      | RobertPalmer, the Demonspawn Transmuter, began the quest for the Orb.
     0 | D:1      | Reached XP level 1. HP: 15/15 MP: 3/3
   122 | D:1      | Reached skill level 3 in Unarmed Combat
   279 | D:1      | Gained mutation: A weak demonic guardian rushes to your aid. [demonic ancestry]
   279 | D:1      | Reached XP level 2. HP: 18/21 MP: 2/4
  1312 | D:2      | Reached XP level 3. HP: 26/26 MP: 4/6
  1328 | D:2      | Reached skill level 4 in Unarmed Combat
  1435 | D:2      | Found a glowing silver altar of Zin.
  1653 | D:2      | Reached XP level 4. HP: 20/32 MP: 5/7
  2878 | D:4      | Noticed RobertPalmer's ghost (average DsTm)
  2904 | D:4      | Killed RobertPalmer's ghost
  2904 | D:4      | Reached skill level 6 in Unarmed Combat
  2904 | D:4      | Gained mutation: You are partially covered in iridescent scales (AC +4). [demonic ancestry]
  2904 | D:4      | Reached XP level 5. HP: 8/37 MP: 9/9
  3167 | D:4      | Gained mutation: You have sharp fingernails. [demonic ancestry]
  3167 | D:4      | Reached XP level 6. HP: 34/43 MP: 8/10
  3196 | D:4      | Noticed Menkaure
  3937 | D:4      | Killed Menkaure
  3937 | D:4      | Reached skill level 7 in Unarmed Combat
  4366 | D:4      | Reached XP level 7. HP: 40/48 MP: 10/12
  4594 | D:4      | Found Vuanag's Armour Shoppe.
  4614 | D:4      | Bought a +0 helmet of see invisible for 138 gold pieces
  4873 | D:4      | Reached skill level 8 in Unarmed Combat
  5131 | D:5      | Entered Level 5 of the Dungeon
  5741 | D:5      | Reached skill level 2 in Dodging
  5990 | D:6      | Reached skill level 3 in Dodging
  5990 | D:6      | Reached XP level 8. HP: 46/54 MP: 13/13
  6101 | D:6      | Found a staircase to the Ecumenical Temple.
  6159 | D:6      | Found a sand-covered staircase.
  6169 | D:6      | Reached skill level 4 in Dodging
  6183 | Ossuary  | Entered an ossuary
  6862 | D:6      | Reached skill level 5 in Dodging
  7137 | D:7      | Reached skill level 6 in Dodging
  7573 | D:7      | Reached skill level 7 in Dodging
  7672 | D:7      | Found Ypruy's Antique Weapon Emporium.
  7708 | D:7      | Gained mutation: You can steal the life force of nearby defeated enemies. [demonic ancestry]
  7708 | D:7      | Reached XP level 9. HP: 50/59 MP: 14/14
  7925 | D:7      | Reached skill level 8 in Dodging
  8414 | D:8      | Reached skill level 9 in Dodging
  8983 | D:8      | Reached skill level 10 in Dodging
  9063 | D:8      | Learned a level 3 spell: Spider Form
  9068 | D:8      | Learned a level 4 spell: Ice Form
  9309 | D:8      | Reached skill level 9 in Unarmed Combat
  9428 | D:8      | Reached skill level 2 in Transmutations
  9483 | D:8      | Gained mutation: You can steal the life force of defeated enemies. [demonic ancestry]
  9483 | D:8      | Reached XP level 10. HP: 57/60 MP: 16/16
  9639 | D:9      | Reached skill level 3 in Transmutations
  9657 | D:9      | Noticed Gastronok
  9735 | D:9      | Noticed Pikel
  9735 | D:9      | Found a glowing golden altar of the Shining One.
  9764 | D:9      | Killed Pikel
  9764 | D:9      | Reached skill level 4 in Transmutations
  9892 | D:9      | Killed Gastronok
  9892 | D:9      | Reached skill level 6 in Transmutations
 10024 | D:9      | Reached skill level 7 in Transmutations
 10494 | D:9      | Noticed Erolcha
 10501 | D:9      | Killed Erolcha
 10638 | D:9      | Found a radiant altar of Vehumet.
 10638 | D:9      | Found a blossoming altar of Fedhas.
 10679 | D:10     | Entered Level 10 of the Dungeon
 10690 | D:10     | Noticed Harold
 10709 | D:10     | Killed from afar by Harold

Vanquished Creatures
  Gastronok (D:9)
  Erolcha (D:9)
  The ghost of RobertPalmer the Insei, an average DsTm (D:4)
  A yellow wasp (D:9)
  2 hippogriffs
  A hill giant zombie (D:7)
  3 yaks (D:9)
  Menkaure (D:4)
  2 sky beasts
  An eye of draining (D:9)
  An orc warrior (D:9)
  2 phantoms
  2 black bears (D:9)
  4 ogres
  2 centaurs
  An ice beast (D:6)
  5 necrophages
  3 giant frogs
  A gnoll sergeant (D:7)
  A big kobold (D:9)
  3 scorpions
  A hippogriff zombie (D:8)
  7 wights (D:7)
  4 jellies
  9 killer bees (D:8)
  2 crimson imps
  A goliath beetle (D:7)
  A giant frog zombie (D:7)
  A quasit (D:7)
  A gnoll shaman (D:3)
  3 hounds
  3 orc priests
  An orc wizard (D:9)
  An iguana (D:8)
  6 worker ants
  2 killer bee zombies (D:7)
  A big kobold skeleton (D:7)
  A hound zombie (D:7)
  11 mummies
  16 gnolls
  2 scorpion zombies
  13 adders
  2 shadow imps (D:8)
  A giant mite (D:4)
  A worm (D:5)
  An adder zombie (D:5)
  4 giant geckos
  11 orcs
  3 ball pythons
  3 giant cockroaches
  A gnoll zombie (Ossuary)
  18 hobgoblins
  4 jackals
  15 bats
  A giant spore (D:8)
  11 goblins
  3 hobgoblin zombies (Ossuary)
  A jackal skeleton (D:8)
  11 kobolds
  A kobold zombie (Ossuary)
  An orc skeleton (D:5)
  4 orc zombies
  2 quokkas
  11 rats
  A ballistomycete (D:8)
237 creatures vanquished.

Vanquished Creatures (collateral kills)
  Pikel (D:9)
  A sky beast (D:8)
  2 killer bees (D:8)
  An adder (D:2)
  A gnoll (D:4)
  A shadow imp (D:7)
  A worm (D:4)
  An orc (D:9)
  A bat skeleton (D:4)
  A goblin (D:5)
11 creatures vanquished.

Vanquished Creatures (others)
  A two-headed ogre (D:9)
  A hungry ghost (D:9)
  2 slaves (D:9)
  A giant frog (D:8)
  14 quasits
  2 crimson imps
  An orc priest (D:9)
  6 iron imps
  5 white imps
  10 ufetubi
  An orc (D:8)
  A bat (D:9)
  A hobgoblin (D:9)
  A rat (D:9)
47 creatures vanquished.

Grand Total: 295 creatures vanquished
